 Dungeon Crawl Stone Soup version 0.29-a0-575-g0dc89cf053 (webtiles) character file.

Game seed: 8614304445707343916

8519 spaghetti the Reanimator (level 11, -3/81 HPs)
             Began as a Gnoll Necromancer on June 12, 2022.
             Was a Plaything of Xom.
             Slain by a vampire (10 damage)
             ... on level 10 of the Dungeon.
             The game lasted 00:17:59 (13625 turns).

spaghetti the Reanimator (Gnoll Necromancer)       Turns: 13625, Time: 00:17:59

Health: -3/81      AC: 13    Str:  8      XL:     11   Next: 32%
Magic:  6/34       EV: 14    Int: 25 (26) God:    Xom [.....*]
Gold:   851        SH:  0    Dex: 14      Spells: 12/26 levels left

rFire   . . .      SeeInvis .   I - +5 whip (elec) {mace}
rCold   + . .      Faith    +   (no shield)
rNeg    . . .      Spirit   .   M - +2 leather armour {Will+}
rPois   +          Reflect  .   v - +2 helmet {Int+3}
rElec   +          Harm     .   R - +0 cloak
rCorr   .          Rampage  .   (no gloves)
Will    +....                   (no boots)
Stlth   +++.......              A - amulet of faith {!P}
HPRegen 0.23/turn               Q - ring of wizardry
MPRegen 0.24/turn               X - ring of magical power

@: no status effects
A: fangs 1, strong nose, distributed training, hooves 1, iridescent scales 1,
agile 1, clever 2, cold resistance 1, deterioration 1, high MP 1, sense
surroundings 1, poison resistance, shaggy fur 1, electricity resistance, wild
magic 1
a: Renounce Religion


You were on level 10 of the Dungeon.
You worshipped Xom.
You were Xom's teddy bear.
You visited 1 branch of the dungeon, and saw 10 of its levels.

You collected 1269 gold pieces.
You spent 418 gold pieces at shops.


Innate Abilities, Weirdness & Mutations

You have very sharp teeth.
Your uncanny sense of smell can sniff out nearby items.
Your experience applies equally to all skills.
You have large cloven feet.
You are partially covered in iridescent scales. (AC +2)
You are agile. (Dex +2)
Your mind is very acute. (Int +4)
Your flesh is cold resistant. (rC+)
Your body sometimes deteriorates upon taking damage.
You have an increased reservoir of magic. (+10% MP)
You passively map a small area around you.
Your system is resistant to poisons. (rPois)
You are covered in fur. (AC +1)
You are resistant to electric shocks. (rElec)
Your spells are a little harder to cast, but a little more powerful.


   Skills:
 + Level 6.2 Fighting
 + Level 6.2 Short Blades
 + Level 6.2 Long Blades
 + Level 6.2 Axes
 + Level 6.2 Maces & Flails
 + Level 6.2 Polearms
 + Level 6.2 Staves
 + Level 6.2 Slings
 + Level 6.2 Bows
 + Level 6.2 Crossbows
 + Level 6.2 Throwing
 + Level 6.2 Armour
 + Level 7.8 Dodging
 + Level 7.5 Stealth
 + Level 6.2 Shields
 + Level 6.2 Unarmed Combat
 + Level 8.0 Spellcasting
 + Level 5.1 Conjurations
 + Level 5.1 Hexes
 + Level 5.1 Summonings
 + Level 8.9 Necromancy
 + Level 5.1 Translocations
 + Level 5.1 Transmutations
 + Level 5.1 Fire Magic
 + Level 5.1 Ice Magic
 + Level 5.1 Air Magic
 + Level 5.1 Earth Magic
 + Level 5.1 Poison Magic
 + Level 6.8 Invocations
 + Level 6.2 Evocations


You had 12 spell levels left.
You knew the following spells:

 Your Spells              Type           Power      Damage    Failure   Level
a - Necrotize             Necr           100%       1d9       1%          1
b - Vampiric Draining     Necr           63%        2d10      1%          3
c - Summon Ice Beast      Ice/Summ       46%        N/A       6%          4
d - Summon Cactus Giant   Summ           23%        N/A       56%         6

Your spell library contained the following spells:

 Spells                   Type           Power      Damage    Failure   Level
 Foxfire                  Conj/Fire      100%       2x1d9     1%          1
 Sandblast                Erth           92%        2d19      1%          1
 Passwall                 Tmut/Erth      38%        N/A       1%          2
 Animate Dead             Necr           63%        N/A       1%          4
 Conjure Flame            Conj/Fire      46%        6-21      2%          3
 Inner Flame              Hex/Fire       46%        N/A       2%          3
 Stone Arrow              Conj/Erth      92%        3d12      2%          3
 Agony                    Necr           63%        N/A       4%          5
 Flame Wave               Conj/Fire      46%        2d10      6%          4
 Dragon's Call            Summ           23%        N/A       100%        9

Inventory:

Hand Weapons
 j - a +0 arbalest of chaos {crossbow}
   (Xom gifted it to you on level 9 of the Dungeon)
 I - a +5 whip of electrocution (weapon) {mace}
   (You took it off Pikel on level 4 of the Dungeon)
Missiles
 c - 4 javelins {throwing}
 d - 331 stones (quivered) {throwing}
 u - 24 poisoned darts {throwing}
 y - a throwing net {=f!fthrowing}
 P - 2 boomerangs {throwing}
Armour
 a - a +0 robe
 v - a +2 helmet of intelligence (worn)
   (Xom gifted it to you on level 10 of the Dungeon)
 M - a +2 leather armour of willpower (worn)
   (You found it on level 4 of the Dungeon)
 R - a +0 cloak (worn)
   (You bought it in a shop on level 6 of the Dungeon)
Magical Staves
 h - a staff of poison {!astaff}
   (You found it on level 8 of the Dungeon)
 V - a staff of poison {!astaff}
   (You found it on level 6 of the Dungeon)
Jewellery
 A - an amulet of faith (around neck) {!P}
   (You found it on level 3 of the Dungeon)
 H - an amulet of reflection
   (You found it on level 4 of the Dungeon)
 L - a ring of protection from fire
   (You found it on level 7 of the Dungeon)
 N - a ring of willpower
   (You took it off Eustachio on level 4 of the Dungeon)
 Q - a ring of wizardry (left hand)
   (You bought it in a shop on level 5 of the Dungeon)
 X - a ring of magical power (right hand)
   (You found it on level 7 of the Dungeon)
 Y - a +4 ring of evasion
   (You found it on level 7 of the Dungeon)
Wands
 p - a wand of iceblast (7)
   (You found it on level 5 of the Dungeon)
 G - a wand of mindburst (1)
   (You found it on level 4 of the Dungeon)
 U - a wand of polymorph (14)
   (You took it off Dowan on level 6 of the Dungeon)
Scrolls
 g - 5 scrolls of teleportation {@r4}
 k - a scroll of fear
 l - a scroll of identify {@r1}
 m - 3 scrolls of poison {!r}
 q - a scroll of fog
 r - 2 scrolls of noise {!r}
 t - a scroll of magic mapping {!r}
 w - a scroll of amnesia
 T - 3 scrolls of immolation {!r!r}
Potions
 b - a potion of magic
 e - a potion of lignification {unknown}
 f - 3 potions of cancellation
 i - 2 potions of attraction {unknown}
 n - a potion of might
 o - 2 potions of flight
 s - 6 potions of curing {@q1}
 x - a potion of berserk rage {unknown}
 F - a potion of resistance {unknown}
 J - 8 potions of heal wounds {unknown}
 K - 2 potions of invisibility {unknown}
 O - a potion of degeneration {unknown}
 S - 2 potions of mutation {unknown}
 W - 3 potions of brilliance {unknown}
 Z - 3 potions of haste {unknown}

Dungeon Overview and Level Annotations

Branches:
Dungeon (10/15)            Temple (0/1) D:4
   Lair: D:8-11         Orc: D:9-12

Altars:
Ashenzari
Kikubaaqudgha
Xom

Shops:
D:5 =   D:6 [   D:7 ?

Annotations:
D:3 1 runed translucent door, Crazy Yiuf

#######.#.# , # #.#.#* , ,,
# #.#.#* *, * # ###.#.# * *
,* ,, * # #.....# , ∆, , ,
* #####.#>#.#* * * *
'...#.#.#.# , ,,, , ,
###.#.#.##################(
......#.........@{...(((({.
,
###.######################.
#......). ,,,, ,, #########
* , , , * , * , * # , * , *
## , ∆ , ∆, .# * ** * ,


There were no monsters in sight!


Message History

Casting: Vampiric Draining (safe; 1% risk of failure)
Confirm with . or Enter, or press ? or * to list all spells.
You don't have enough magic to cast this spell.
You hit the yak. You kick the yak. The yak gores you but does no damage.
You hit the yak. You hit the yak. You kick the yak, but do no damage.
The yak barely misses you.
You hit the yak. You kick the yak, but do no damage.
The yak closely misses you.
You hit the yak. Lightning courses through the yak!
You kill the yak! 😎 MP[+1]
You hit the yak but do no damage. The yak gores you. 😕 HP[-5]
You take 5 damage, and now have 76/81 hp.
You are too injured to fight recklessly!
You are too injured to fight recklessly!
You are too injured to fight recklessly!
You are too injured to fight recklessly!
You are too injured to fight recklessly!
You are too injured to fight recklessly!
You are too injured to fight recklessly!
You are too injured to fight recklessly!
You are too injured to fight recklessly!
You are too injured to fight recklessly!
You are too injured to fight recklessly!
You are too injured to fight recklessly!
You are too injured to fight recklessly!
You hit the yak but do no damage.
You kick the yak, but do no damage. 😕 HP[+1]
You hit the yak. You kick the yak, but do no damage. The yak gores you!
Your body deteriorates!
You feel dopey. 😕 HP[-11]
You take 11 damage, and now have 66/81 hp.
You barely miss the yak. Your kick misses the yak. The yak gores you. 😕 HP[-1]
You take 1 damage, and now have 65/81 hp.
You hit the yak. You kick the yak. The yak gores you. 😕 HP[-2]
You take 2 damage, and now have 63/81 hp.
You hit the yak. You kick the yak.
The yak gores you but does no damage. 😕 MP[+1]
You barely miss the yak. You whack the yak! Lightning courses through the yak!
Your kick misses the yak. The yak closely misses you. 😕 HP[+1]
You whack the yak!
You kill the yak!
You feel your strength returning.
You hit something. Your kick misses something. Something barely misses you.
Something bites you but does no damage.
You barely miss something. Your kick misses something. 😕 MP[+1]
You miss something. Your bite misses something. Something hits you.
Something bites you!
Something draws strength from your injuries! 😮 HP[-14]
You take 14 damage, and now have 50/81 hp.
You hit something but do no damage. Your kick misses something.
Something hits you. Something bites you.
Something draws strength from your injuries! 😮 HP[-9]
You take 9 damage, and now have 41/81 hp.
You completely miss something. You kick something. Something hits you.
* * * LOW HITPOINT WARNING * * *
Something bites you.
* * * LOW HITPOINT WARNING * * *
Something draws strength from your injuries! 😨 HP[-7]
You take 7 damage, and now have 34/81 hp.
You hit something but do no damage. You kick something. You bite something.
Something hits you.
* * * LOW HITPOINT WARNING * * *
Something bites you!
* * * LOW HITPOINT WARNING * * *
Something draws strength from your injuries! 😨 HP[-13]
You take 13 damage, and now have 21/81 hp.
Casting: Vampiric Draining (safe; 1% risk of failure)
Confirm with . or Enter, or press ? or * to list all spells.
You can't see any susceptible monsters within range! (Use Z to cast anyway.)
Aiming: Mindburst
Press: ? - help, Shift-Dir - straight line Nothing appears to happen.
Something hits you but does no damage. Something bites you!
* * * LOW HITPOINT WARNING * * *
Something draws strength from your injuries! 😱 HP[-7] MP[+1]
You take 7 damage, and now have 14/81 hp.
Aiming: Mindburst
Press: ? - help, Shift-Dir - straight line Something's mind is blasted!!
Something completely misses you. Something bites you!
* * * LOW HITPOINT WARNING * * *
Something draws strength from your injuries! 😱 HP[-8]
You take 8 damage, and now have 6/81 hp.
Aiming: Mindburst
Press: ? - help, Shift-Dir - straight line Something's mind is blasted!
Something hits you!
You die...

Skill      XL: |  1  2  3  4  5  6  7  8  9 10 11 |
---------------+----------------------------------+-----
Spellcasting   | 5 6 7 8 |  8.0
Invocations    | 1 2 3 4 5 6 |  6.8
Fighting       | 1 2 3 4 5 6 |  6.2
Short Blades   | 1 2 3 4 5 6 |  6.2
Long Blades    | 1 2 3 4 5 6 |  6.2
Axes           | 1 2 3 4 5 6 |  6.2
Maces & Flails | 1 2 3 4 5 6 |  6.2
Polearms       | 1 2 3 4 5 6 |  6.2
Staves         | 1 2 3 4 5 6 |  6.2
Slings         | 1 2 3 4 5 6 |  6.2
Bows           | 1 2 3 4 5 6 |  6.2
Crossbows      | 1 2 3 4 5 6 |  6.2
Throwing       | 1 2 3 4 5 6 |  6.2
Armour         | 1 2 3 4 5 6 |  6.2
Shields        | 1 2 3 4 5 6 |  6.2
Unarmed Combat | 1 2 3 4 5 6 |  6.2
Evocations     | 1 2 3 4 5 6 |  6.2
Conjurations   | 1 2 3 4 5 |  5.1
Hexes          | 1 2 3 4 5 |  5.1
Summonings     | 1 2 3 4 5 |  5.1
Translocations | 1 2 3 4 5 |  5.1
Transmutations | 1 2 3 4 5 |  5.1
Fire Magic     | 1 2 3 4 5 |  5.1
Ice Magic      | 1 2 3 4 5 |  5.1
Air Magic      | 1 2 3 4 5 |  5.1
Earth Magic    | 1 2 3 4 5 |  5.1
Poison Magic   | 1 2 3 4 5 |  5.1
Dodging        | 5 6 7 |  7.8
Stealth        | 5 6 7 |  7.5
Necromancy     | 8 |  8.9

Action                   |  1- 3 |  4- 6 |  7- 9 | 10-12 || total
-------------------------+-------+-------+-------+-------++-------
Melee: Unarmed           |    29 |    13 |       |       ||    42
       Bite              |     3 |       |    16 |    17 ||    36
       Punch             |     2 |     1 |     5 |     5 ||    13
       Dagger            |       |    12 |       |       ||    12
       Whip              |       |       |   131 |   134 ||   265
       Kick              |       |       |       |    24 ||    24
Throw: Stone             |       |       |       |    46 ||    46
 Cast: Necrotize         |    61 |    57 |   147 |    75 ||   340
       Vampiric Draining |       |     2 |    24 |    40 ||    66
       Summon Ice Beast  |       |       |     2 |    11 ||    13
Evoke: Wand              |       |       |     3 |    13 ||    16
  Use: Scroll            |       |       |    12 |     6 ||    18
 Stab: Sleeping          |     1 |       |     3 |     1 ||     5
       Confused          |       |       |     1 |     1 ||     2
       Petrified         |       |       |       |     4 ||     4
       Petrifying        |       |       |       |     1 ||     1
Armor: Robe              |     9 |     9 |       |       ||    18
       Leather armour    |       |       |    67 |    59 ||   126
Dodge: Dodged            |    30 |    21 |   186 |   165 ||   402

Levels and vault maps discovered:
D:1:      mrwooster_arrival_statue, layout_basic
D:2:      layout_loops_corners, basic_altar
D:3:      layout_rooms, ebering_ecumenical_altar_hall, grunt_decor_one_mirror,
          uniq_crazy_yiuf_cottage, uniq_jessica
D:4:      layout_basic, minmay_temple_entry_glassed_door, lemuel_another_geyser,
          uniq_sigmund, uniq_eustachio, uniq_pikel
D:5:      layout_loops_ring, serial_shops, shop_coins
D:6:      layout_layer_cave, serial_shops, shop, uniq_duvessa
D:7:      layout_basic, mainiacjoe_overflow_surrounded_room, serial_shops,
          kennysheep_mini, nicolae_underground_beach
D:8:      layout_basic
D:9:      layout_rooms, uniq_erica
D:10:     layout_basic

Notes
Turn   | Place    | Note
-------+----------+-------------------------------------------
     0 | D:1      | spaghetti the Gnoll Necromancer began the quest for the
                  | Orb.
     0 | D:1      | Reached XP level 1. HP: 13/13 MP: 6/6
     0 | D:1      | magus.rc [v1.9.6]
   269 | D:1      | Reached XP level 2. HP: 19/19 MP: 3/7
   667 | D:1      | Reached XP level 3. HP: 24/25 MP: 1/9
   671 | D:1      | Learned a level 3 spell: Vampiric Draining
   755 | D:1      | Reached skill level 5 in Spellcasting
   787 | D:1      | You pick up a book of Flames and begin reading...
   787 | D:1      | You add the spells Foxfire, Conjure Flame, Inner Flame and
                  | Flame Wave to your library.
  1658 | D:2      | Reached skill level 1 in Invocations
  1781 | D:2      | You add the spells Summon Ice Beast, Summon Cactus Giant
                  | and Dragon's Call to your library.
  1781 | D:2      | Got the Compendium of Creation
  1920 | D:2      | Found a broken altar of Ashenzari.
  1946 | D:3      | Reached skill level 1 in Fighting
  1946 | D:3      | Reached skill level 1 in Short Blades
  1946 | D:3      | Reached skill level 1 in Long Blades
  1946 | D:3      | Reached skill level 1 in Axes
  1946 | D:3      | Reached skill level 1 in Maces & Flails
  1946 | D:3      | Reached skill level 1 in Polearms
  1946 | D:3      | Reached skill level 1 in Staves
  1946 | D:3      | Reached skill level 1 in Slings
  1946 | D:3      | Reached skill level 1 in Bows
  1946 | D:3      | Reached skill level 1 in Crossbows
  1946 | D:3      | Reached skill level 1 in Throwing
  1946 | D:3      | Reached skill level 1 in Armour
  1946 | D:3      | Reached skill level 1 in Shields
  1946 | D:3      | Reached skill level 1 in Unarmed Combat
  1946 | D:3      | Reached skill level 1 in Evocations
  2003 | D:3      | Reached XP level 4. HP: 13/32 MP: 1/11
  2352 | D:3      | Reached skill level 1 in Conjurations
  2352 | D:3      | Reached skill level 1 in Hexes
  2352 | D:3      | Reached skill level 1 in Summonings
  2352 | D:3      | Reached skill level 1 in Translocations
  2352 | D:3      | Reached skill level 1 in Transmutations
  2352 | D:3      | Reached skill level 1 in Fire Magic
  2352 | D:3      | Reached skill level 1 in Ice Magic
  2352 | D:3      | Reached skill level 1 in Air Magic
  2352 | D:3      | Reached skill level 1 in Earth Magic
  2352 | D:3      | Reached skill level 1 in Poison Magic
  2410 | D:3      | Found a faded altar of an unknown god.
  2421 | D:3      | Noticed Jessica
  2428 | D:3      | Killed Jessica
  2429 | D:3      | Reached XP level 5. HP: 31/37 MP: 6/12
  2434 | D:3      | Prayed at the altar of an unknown god.
  2434 | D:3      | Became a worshipper of Xom the Psychopath
  2740 | D:3      | Found a runed translucent door.
  2741 | D:3      | Noticed Crazy Yiuf
  2937 | D:3      | XOM: silly message
  3058 | D:4      | Noticed Sigmund
  3069 | D:4      | Killed Sigmund
  3070 | D:4      | Reached skill level 2 in Fighting
  3070 | D:4      | Reached skill level 2 in Short Blades
  3070 | D:4      | Reached skill level 2 in Long Blades
  3070 | D:4      | Reached skill level 2 in Axes
  3070 | D:4      | Reached skill level 2 in Maces & Flails
  3070 | D:4      | Reached skill level 2 in Polearms
  3070 | D:4      | Reached skill level 2 in Staves
  3070 | D:4      | Reached skill level 2 in Slings
  3070 | D:4      | Reached skill level 2 in Bows
  3070 | D:4      | Reached skill level 2 in Crossbows
  3070 | D:4      | Reached skill level 2 in Throwing
  3070 | D:4      | Reached skill level 2 in Armour
  3070 | D:4      | Reached skill level 5 in Dodging
  3070 | D:4      | Reached skill level 2 in Shields
  3070 | D:4      | Reached skill level 2 in Unarmed Combat
  3070 | D:4      | Reached skill level 2 in Invocations
  3070 | D:4      | Reached skill level 2 in Evocations
  3070 | D:4      | Reached XP level 6. HP: 38/44 MP: 5/14
  3156 | D:4      | Found a staircase to the Ecumenical Temple.
  3166 | D:4      | Noticed Eustachio
  3167 | D:4      | Noticed Pikel
  3175 | D:4      | XOM: scenery: 2 doors close
  3177 | D:4      | XOM: summons 6 friendly demons
  3179 | D:4      | HP: 8/44 [Pikel/+2 whip of electrocution (10)]
  3195 | D:4      | Killed Pikel
  3196 | D:4      | Reached skill level 5 in Stealth
  3196 | D:4      | Reached skill level 2 in Conjurations
  3196 | D:4      | Reached skill level 2 in Hexes
  3196 | D:4      | Reached skill level 2 in Summonings
  3196 | D:4      | Reached skill level 2 in Translocations
  3196 | D:4      | Reached skill level 2 in Transmutations
  3196 | D:4      | Reached skill level 2 in Fire Magic
  3196 | D:4      | Reached skill level 2 in Ice Magic
  3196 | D:4      | Reached skill level 2 in Air Magic
  3196 | D:4      | Reached skill level 2 in Earth Magic
  3196 | D:4      | Reached skill level 2 in Poison Magic
  3196 | D:4      | Reached skill level 3 in Invocations
  3196 | D:4      | Reached XP level 7. HP: 11/51 MP: 5/15
  3241 | D:4      | XOM: give mutations
  3241 | D:4      | Gained mutation: Your body sometimes deteriorates upon
                  | taking damage. [Xom's mischief]
  3241 | D:4      | Gained mutation: Your body often deteriorates upon taking
                  | damage. [Xom's mischief]
  3241 | D:4      | Lost mutation: Your body often deteriorates upon taking
                  | damage. [Xom's mischief]
  3265 | D:4      | XOM: summons 5 friendly demons
  3273 | D:4      | XOM: polymorph quasit -> crimson imp
  3307 | D:4      | XOM: 1-stop teleportation journey
  3311 | D:4      | Reached XP level 8. HP: 38/57 MP: 8/16
  3566 | D:4      | You pick up a book of Geomancy and begin reading...
  3566 | D:4      | You add the spells Sandblast, Passwall and Stone Arrow to
                  | your library.
  3583 | D:4      | Reached skill level 3 in Fighting
  3583 | D:4      | Reached skill level 3 in Short Blades
  3583 | D:4      | Reached skill level 3 in Long Blades
  3583 | D:4      | Reached skill level 3 in Axes
  3583 | D:4      | Reached skill level 3 in Maces & Flails
  3583 | D:4      | Reached skill level 3 in Polearms
  3583 | D:4      | Reached skill level 3 in Staves
  3583 | D:4      | Reached skill level 3 in Slings
  3583 | D:4      | Reached skill level 3 in Bows
  3583 | D:4      | Reached skill level 3 in Crossbows
  3583 | D:4      | Reached skill level 3 in Throwing
  3583 | D:4      | Reached skill level 3 in Armour
  3583 | D:4      | Reached skill level 3 in Shields
  3583 | D:4      | Reached skill level 3 in Unarmed Combat
  3583 | D:4      | Reached skill level 3 in Evocations
  3809 | D:4      | XOM: summons friendly crimson imp
  4198 | D:4      | XOM: potion effect (brilliance)
  4204 | D:4      | XOM: fake destruction
  4209 | D:4      | Killed Eustachio
  4210 | D:4      | Reached skill level 6 in Spellcasting
  4337 | D:4      | XOM: god gift: 28 gold pieces
  4401 | D:5      | Entered Level 5 of the Dungeon
  4472 | D:5      | XOM: divination: magic mapping
  4608 | D:5      | Found Vaitowop's Jewellery Boutique.
  4620 | D:5      | XOM: cloud trail
  4694 | D:5      | XOM: confuse monster(s)
  4791 | D:5      | Reached skill level 3 in Conjurations
  4791 | D:5      | Reached skill level 3 in Hexes
  4791 | D:5      | Reached skill level 3 in Summonings
  4791 | D:5      | Reached skill level 3 in Translocations
  4791 | D:5      | Reached skill level 3 in Transmutations
  4791 | D:5      | Reached skill level 3 in Fire Magic
  4791 | D:5      | Reached skill level 3 in Ice Magic
  4791 | D:5      | Reached skill level 3 in Air Magic
  4791 | D:5      | Reached skill level 3 in Earth Magic
  4791 | D:5      | Reached skill level 3 in Poison Magic
  4791 | D:5      | Reached skill level 4 in Invocations
  4891 | D:5      | XOM: cast spell 'Summon Cactus Giant'
  5061 | D:5      | Reached skill level 6 in Dodging
  5180 | D:5      | XOM: destruction
  5182 | D:5      | Reached XP level 9. HP: 65/65 MP: 15/18
  5948 | D:6      | XOM: 1-stop teleportation journey
  5954 | D:6      | Reached skill level 4 in Fighting
  5954 | D:6      | Reached skill level 4 in Short Blades
  5954 | D:6      | Reached skill level 4 in Long Blades
  5954 | D:6      | Reached skill level 4 in Axes
  5954 | D:6      | Reached skill level 4 in Maces & Flails
  5954 | D:6      | Reached skill level 4 in Polearms
  5954 | D:6      | Reached skill level 4 in Staves
  5954 | D:6      | Reached skill level 4 in Slings
  5954 | D:6      | Reached skill level 4 in Bows
  5954 | D:6      | Reached skill level 4 in Crossbows
  5954 | D:6      | Reached skill level 4 in Throwing
  5954 | D:6      | Reached skill level 4 in Armour
  5954 | D:6      | Reached skill level 4 in Shields
  5954 | D:6      | Reached skill level 4 in Unarmed Combat
  5954 | D:6      | Reached skill level 4 in Evocations
  5957 | D:6      | XOM: cleaving
  5958 | D:6      | XOM: fog
  6071 | D:6      | XOM: scenery: create altars
  6101 | D:6      | XOM: cloud trail
  6415 | D:6      | XOM: god gift: 531 gold pieces
  6423 | D:6      | Learned a level 4 spell: Summon Ice Beast
  6457 | D:5      | Bought a ring of wizardry for 360 gold pieces
  6465 | D:5      | Learned a level 6 spell: Summon Cactus Giant
  6526 | D:6      | Found Gaepp's Armour Emporium.
  6534 | D:6      | Bought a +0 cloak for 58 gold pieces
  6803 | D:6      | Reached skill level 6 in Stealth
  6803 | D:6      | Reached skill level 8 in Necromancy
  6805 | D:6      | XOM: cloud trail
  7136 | D:6      | Noticed Duvessa
  7139 | D:6      | Noticed Dowan
  7143 | D:6      | Killed Duvessa
  7148 | D:6      | Killed Dowan
  7296 | D:6      | XOM: cleaving
  7432 | D:6      | XOM: god gift: sapphire potion {god gift}
  7694 | D:7      | XOM: polymorph kobold brigand -> wyvern
  7703 | D:7      | HP: 15/66 [wyvern (7)]
  7704 | D:7      | HP: 6/66 [wyvern (16)]
  8001 | D:7      | XOM: swap monsters
  8005 | D:7      | XOM: summons 5 hostile demons
  8012 | D:7      | XOM: chaos cloud
  8012 | D:7      | HP: 16/66 [iron imp[Xom] (4)]
  8013 | D:7      | XOM: confusion
  8199 | D:7      | XOM: stat loss: -1 Str (7/8)
  8262 | D:7      | XOM: divination: detect creatures
  8266 | D:7      | Reached skill level 5 in Invocations
  8522 | D:7      | Found an ancient bone altar of Kikubaaqudgha.
  8527 | D:7      | XOM: silly message
  8698 | D:7      | XOM: potion effect (might)
  8700 | D:7      | XOM: potion effect (curing)
  8772 | D:7      | Found Heseok's Magic Scroll Emporium.
  9079 | D:8      | Reached skill level 7 in Spellcasting
  9114 | D:8      | Reached skill level 4 in Conjurations
  9114 | D:8      | Reached skill level 4 in Hexes
  9114 | D:8      | Reached skill level 4 in Summonings
  9114 | D:8      | Reached skill level 4 in Translocations
  9114 | D:8      | Reached skill level 4 in Transmutations
  9114 | D:8      | Reached skill level 4 in Fire Magic
  9114 | D:8      | Reached skill level 4 in Ice Magic
  9114 | D:8      | Reached skill level 4 in Air Magic
  9114 | D:8      | Reached skill level 4 in Earth Magic
  9114 | D:8      | Reached skill level 4 in Poison Magic
  9114 | D:8      | Reached XP level 10. HP: 73/73 MP: 20/20
  9264 | D:8      | XOM: silly message
  9637 | D:8      | Reached skill level 5 in Fighting
  9637 | D:8      | Reached skill level 5 in Short Blades
  9637 | D:8      | Reached skill level 5 in Long Blades
  9637 | D:8      | Reached skill level 5 in Axes
  9637 | D:8      | Reached skill level 5 in Maces & Flails
  9637 | D:8      | Reached skill level 5 in Polearms
  9637 | D:8      | Reached skill level 5 in Staves
  9637 | D:8      | Reached skill level 5 in Slings
  9637 | D:8      | Reached skill level 5 in Bows
  9637 | D:8      | Reached skill level 5 in Crossbows
  9637 | D:8      | Reached skill level 5 in Throwing
  9637 | D:8      | Reached skill level 5 in Armour
  9637 | D:8      | Reached skill level 5 in Shields
  9637 | D:8      | Reached skill level 5 in Unarmed Combat
  9637 | D:8      | Reached skill level 5 in Evocations
  9690 | D:8      | XOM: silly message
  9826 | D:8      | XOM: 1-stop teleportation journey
  9955 | D:8      | XOM: potion effect (curing)
  9960 | D:8      | XOM: confuse monster(s)
 10047 | D:8      | XOM: cloud trail
 10087 | D:8      | XOM: 1-stop teleportation journey
 10088 | D:8      | XOM: divination: magic mapping
 10099 | D:8      | XOM: scenery: 1 doors close
 10102 | D:8      | XOM: cleaving
 10104 | D:8      | XOM: enchant monster (good)
 10109 | D:8      | HP: 12/73 [wight/+0 dire flail (11)]
 10134 | D:8      | HP: 10/73 [/a scroll of torment (7)]
 10527 | D:8      | Reached skill level 7 in Dodging
 10616 | D:8      | XOM: give mutations
 10616 | D:8      | Gained mutation: You have large cloven feet. [Xom's grace]
 10616 | D:8      | Gained mutation: Your system is resistant to poisons.
                  | (rPois) [Xom's grace]
 10616 | D:8      | Gained mutation: You passively map a small area around you.
                  | [Xom's grace]
 10616 | D:8      | Gained mutation: You have an increased reservoir of magic.
                  | (+10% MP) [Xom's grace]
 10674 | D:8      | Noticed a two-headed ogre
 10678 | D:8      | Killed a two-headed ogre
 11366 | D:9      | XOM: god gift: +0 arbalest of chaos
 11491 | D:9      | XOM: give mutations
 11491 | D:9      | Gained mutation: You are partially covered in iridescent
                  | scales. (AC +2) [Xom's grace]
 11491 | D:9      | Gained mutation: You are covered in fur. (AC +1) [Xom's
                  | grace]
 11525 | D:9      | Reached skill level 6 in Invocations
 11659 | D:9      | Noticed a two-headed ogre
 11661 | D:9      | XOM: cleaving
 11671 | D:9      | XOM: summons 2 friendly demons
 11678 | D:9      | Killed a two-headed ogre
 11679 | D:9      | Reached skill level 7 in Stealth
 11750 | D:9      | Noticed Erica
 11750 | D:9      | XOM: 3-stop teleportation journey
 11752 | D:9      | XOM: enchant monster (bad)
 11755 | D:9      | XOM: enchant monster (good)
 11759 | D:9      | Killed Erica
 11760 | D:9      | Reached XP level 11. HP: 43/81 MP: 1/24
 11761 | D:9      | XOM: give mutations
 11761 | D:9      | Gained mutation: Your mind is acute. (Int +2) [Xom's grace]
 11761 | D:9      | Gained mutation: Your spells are a little harder to cast,
                  | but a little more powerful. [Xom's grace]
 12288 | D:9      | XOM: give mutation
 12288 | D:9      | Gained mutation: Your mind is very acute. (Int +4) [Xom's
                  | grace]
 12477 | D:9      | XOM: scenery: summon butterflies
 12538 | D:10     | Entered Level 10 of the Dungeon
 12565 | D:10     | XOM: cloud trail
 12695 | D:10     | XOM: enchant monster (good)
 12963 | D:10     | XOM: god gift: +2 helmet of intelligence
 12982 | D:10     | XOM: give mutations
 12982 | D:10     | Gained mutation: You are agile. (Dex +2) [Xom's grace]
 12982 | D:10     | Gained mutation: Your flesh is cold resistant. (rC+) [Xom's
                  | grace]
 12982 | D:10     | Gained mutation: You are resistant to electric shocks.
                  | (rElec) [Xom's grace]
 13060 | D:10     | XOM: scenery: summon butterflies
 13110 | D:10     | XOM: scenery: 1 doors open
 13112 | D:10     | XOM: smoke on damage
 13119 | D:10     | HP: 19/81 [gnoll sergeant/+3 trident of distortion (3)]
 13123 | D:10     | Reached skill level 6 in Fighting
 13123 | D:10     | Reached skill level 6 in Short Blades
 13123 | D:10     | Reached skill level 6 in Long Blades
 13123 | D:10     | Reached skill level 6 in Axes
 13123 | D:10     | Reached skill level 6 in Maces & Flails
 13123 | D:10     | Reached skill level 6 in Polearms
 13123 | D:10     | Reached skill level 6 in Staves
 13123 | D:10     | Reached skill level 6 in Slings
 13123 | D:10     | Reached skill level 6 in Bows
 13123 | D:10     | Reached skill level 6 in Crossbows
 13123 | D:10     | Reached skill level 6 in Throwing
 13123 | D:10     | Reached skill level 6 in Armour
 13123 | D:10     | Reached skill level 6 in Shields
 13123 | D:10     | Reached skill level 6 in Unarmed Combat
 13123 | D:10     | Reached skill level 5 in Conjurations
 13123 | D:10     | Reached skill level 5 in Hexes
 13123 | D:10     | Reached skill level 5 in Summonings
 13123 | D:10     | Reached skill level 5 in Translocations
 13123 | D:10     | Reached skill level 5 in Transmutations
 13123 | D:10     | Reached skill level 5 in Fire Magic
 13123 | D:10     | Reached skill level 5 in Ice Magic
 13123 | D:10     | Reached skill level 5 in Air Magic
 13123 | D:10     | Reached skill level 5 in Earth Magic
 13123 | D:10     | Reached skill level 5 in Poison Magic
 13123 | D:10     | Reached skill level 6 in Evocations
 13123 | D:10     | HP: 6/81 [gnoll sergeant/+3 trident of distortion (5)]
 13123 | D:10     | HP: 2/81 [gnoll sergeant/+3 trident of distortion (4)]
 13164 | D:10     | Noticed a manticore
 13166 | D:10     | XOM: divination: detect items
 13168 | D:10     | Killed a manticore
 13169 | D:10     | Reached skill level 8 in Spellcasting
 13278 | D:10     | XOM: 1-stop teleportation journey
 13623 | D:10     | HP: 14/81 [something (7)]
 13624 | D:10     | HP: 6/81 [something (8)]
 13625 | D:10     | Slain by a vampire

Vanquished Creatures
  Erica (D:9)
  A manticore (D:10)
  A komodo dragon (D:10)
  Sigmund (D:4)
  A wyvern (D:7)
  A vampire (D:10)
  A wraith (D:9)
  5 yaks (D:10)
  2 steam dragons (D:8)
  Duvessa (D:6)
  2 water moccasins
  A black bear (D:6)
  An orc warrior (D:7)
  4 ice beasts
  3 ogres
  A phantom (D:5)
  3 kobold brigands
  A nameless horror (D:8)
  2 bullfrogs
  3 gnoll sergeants
  A necrophage (D:5)
  3 scorpions
  10 wights (D:8)
  6 killer bees (D:9)
  A howler monkey (D:8)
  2 orc priests
  2 hounds
  4 jellies
  2 iguanas
  Jessica (D:3)
  5 orc wizards
  17 gnolls
  11 adders
  A shadow imp (D:7)
  2 white imps
  2 ufetubi (D:6)
  4 dart slugs
  20 orcs
  4 ball pythons
  5 endoplasms
  6 giant cockroaches
  3 goblins
  8 hobgoblins
  2 quokkas
  4 bats
  24 kobolds
  5 rats
191 creatures vanquished.

Vanquished Creatures (collateral kills)
  2 two-headed ogres
  Pikel (D:4)
  Eustachio (D:4)
  A gnoll sergeant (D:9)
  3 wights (D:8)
  Dowan (D:6)
  An orc priest (D:9)
  An orc wizard (D:9)
  A worm (D:2)
  An orc (D:9)
  A hobgoblin (D:3)
  A kobold (D:1)
15 creatures vanquished.

Grand Total: 206 creatures vanquished

Table legend:
 A = Non-vault XP
 B = Vault XP
 C = Vault XP percentage of total XP
 D = Non-vault monster count
 E = Vault monster count
 F = Vault count percentage of total count
                 A         B        C        D         E       F
            +---------+---------+-------+---------+---------+-------
      Total |   10030 |    2140 |  17.6 |     198 |       7 |   3.4
            +---------+---------+-------+---------+---------+-------
        D:1 |      40 |       0 |   0.0 |      20 |       0 |   0.0
        D:2 |      25 |       0 |   0.0 |       7 |       0 |   0.0
        D:3 |     152 |      37 |  19.6 |      25 |       1 |   3.8
        D:4 |     334 |    1079 |  76.4 |      22 |       3 |  12.0
        D:5 |     881 |       0 |   0.0 |      19 |       0 |   0.0
        D:6 |     860 |     214 |  19.9 |      19 |       2 |   9.5
        D:7 |     849 |       0 |   0.0 |      22 |       0 |   0.0
        D:8 |    2584 |       0 |   0.0 |      25 |       0 |   0.0
        D:9 |    1831 |     810 |  30.7 |      21 |       1 |   4.5
       D:10 |    2474 |       0 |   0.0 |      18 |       0 |   0.0
            +---------+---------+-------+---------+---------+-------

Illustrated notes

Table legend:
 A = Kills in this place as a percentage of kills in entire the game.
 B = Kills by you in this place as a percentage of kills by you in the entire game.
 C = Kills by friends in this place as a percentage of kills by friends in the entire game.
 D = Other kills in this place as a percentage of other kills in the entire game.
 E = Experience gained in this place as a percentage of experience gained in the entire game.
 F = Experience gained in this place divided by the number of levels of this place that you have seen.
                   A       B       C       D       E      F
               +-------+-------+-------+-------+-------+----------------------
         Total | 100.0 | 100.0 | 100.0 |   N/A | 100.0 | 1217.0
       Dungeon | 100.0 | 100.0 | 100.0 |   N/A | 100.0 | 1217.0
               +-------+-------+-------+-------+-------+----------------------

Table legend: (Time is in decaauts)
 A = Elapsed time spent in this place.
 B = Non-inter-level travel time spent in this place.
 C = Inter-level travel time spent in this place.
 D = Time resting spent in this place.
 E = Time spent auto-exploring this place.
 F = Levels seen in this place.
 G = Mean time per level.
                   A        B        C        D        E       F      G
               +--------+--------+--------+--------+--------+-----+--------+
         Total |  13585 |  13232 |    353 |    766 |  10905 |  10 | 1358.5 |
       Dungeon |  13585 |  13232 |    353 |    766 |  10905 |  10 | 1358.5 |
               +--------+--------+--------+--------+--------+-----+--------+

Top non-repeatable levels by time:
     D:6: 1933 daAuts
     D:8: 1933 daAuts
     D:9: 1556 daAuts
     D:7: 1410 daAuts
     D:4: 1390 daAuts
     D:5: 1283 daAuts
     D:3: 1071 daAuts
    D:10: 1070 daAuts
     D:1: 1038 daAuts
     D:2: 896 daAuts
